 Dungeon Crawl Stone Soup version 0.17.0-24-gcfadda4 (webtiles) character file.

26 Gorice the Skirmisher (level 2, -2/40 HPs)
             Began as a Demonspawn Wanderer on Nov 17, 2015.
             Slain by a gnoll
             ... wielding a +0 flail
              (4 damage)
             ... on level 1 of the Dungeon.
             The game lasted 00:04:16 (762 turns).

Gorice the Skirmisher (Demonspawn Wanderer)          Turns: 762, Time: 00:04:16

Health: -2/40      AC: 11    Str: 17    XL:     2   Next: 89%
Magic:  3/3        EV:  3    Int: 12    God:
Gold:   104        SH:  0    Dex: 13    Spells: 0 memorised, 1 level left

rFire  . . .     SeeInvis .     a - +1 spear (pain)
rCold  . . .     Clarity  .     k - +0 plate armour
rNeg   . . .     SustAt   .     (no shield)
rPois  .         Gourm    .     (no helmet)
rElec  .         Spirit   .     (no cloak)
rCorr  .         Warding  .     (no gloves)
rMut   .         Stasis   .     (no boots)
MR     .....                    (no amulet)
Stlth  ..........               (no ring)
                                m - -2 ring of evasion (curse)

@: berserking, very quick, not resistant to hostile enchantments, extremely
unstealthy
A: talons 1
a: no special abilities


You were on level 1 of the Dungeon.
You were not hungry.

You visited 1 branch of the dungeon, and saw 2 of its levels.

You collected 104 gold pieces.

Inventory:

Hand Weapons
 a - a +1 spear of pain (weapon)
   (You found it on level 1 of the Dungeon)
 e - a +0 dagger
Missiles
 g - 23 bolts
 o - 15 sling bullets
 p - 7 needles of slowing
 Z - 67 stones (quivered)
Armour
 c - a +0 ring mail
 k - a +0 plate armour (worn)
Jewellery
 m - a cursed -2 ring of evasion (left hand)
 t - an uncursed ring of ice
Scrolls
 i - 2 scrolls of remove curse {unknown}
 j - 2 scrolls of identify {unknown}
 s - a scroll of teleportation {unknown}
Potions
 d - a potion of lignification {!q}
 l - a potion of heal wounds {!q}
 n - a potion of brilliance {unknown}
 r - a potion of curing {unknown}
Comestibles
 f - 2 bread rations {!e}
 h - a beef jerky
 q - 5 chunks of flesh


   Skills:
 + Level 5.4 Fighting
 + Level 2.4 Armour
 - Level 1.0 Unarmed Combat
   Level 2.0 Evocations


You had one spell level left.
You didn't know any spells.

Dungeon Overview and Level Annotations

Branches:
Dungeon (2/15)

Altars:

Annotations:
D:1 1 runed door


Innate Abilities, Weirdness & Mutations

You have sharp toenails.


Message History

A hobgoblin and 2 gnolls come into view.
The gnoll shouts! x2
The hobgoblin shouts!
The hobgoblin moves out of view.
You see here a scroll labeled KOCERO WUGURE.
s - a scroll labeled KOCERO WUGURE A gnoll comes into view.
It is wielding a spear.
Found a dagger.
You see here a bronze ring.
t - a bronze ring Put on which piece of jewellery? (? for menu, Esc to quit)
You feel more attuned to ice.
t - a ring of ice (right hand) Remove which piece of jewellery? (? for menu, Esc to quit)
You remove your ring of ice.
Some of the chunks of flesh in your inventory have rotted away.
The gnoll hits you with a flail.
Damage: 6 (max 6)
You see here a dagger.
Found 12 stones.
Attack whom?
Press: ? - help, Dir - move target cursor, f - gnoll
Aim: a gnoll, wielding a flail You reach to attack!
You hit the gnoll.
The gnoll is lightly wounded.
You closely miss the gnoll. You claw the gnoll, but do no damage.
The gnoll is lightly wounded.
The gnoll hits you with a flail!
Damage: 9 (max 9)
You hit the gnoll. Your kick misses the gnoll.
The gnoll is moderately wounded.
The gnoll hits you with a flail.
* * * LOW HITPOINT WARNING * * *
Damage: 3 (max 9) Unknown command.
You see here 12 stones.
Some of the chunks of flesh in your inventory have rotted away.
There is a stone staircase leading up here.
The gnoll hits you with a flail!
* * * LOW HITPOINT WARNING * * *
You climb upwards.
Level annotation: 1 runed door
There is a stone staircase leading down here.
Damage: 8 (max 9) Unknown command.
Drink which item? (? for menu, Esc to quit)
A red film seems to cover your vision as you go berserk!
You feel yourself moving faster!
You feel mighty! The gnoll hits you with a flail.
You die...

.#....# ##................###...
......# ##.....########.####....
.#....# #.......#######.........
.#....####.......##......##.###..
##..................##.###..# #..
##......###.....#####..##..## ##.
##..>.#........#####..##..## #.
##....#####.....#........## ##.
#####.## ####..@g......## #..
#..#####...........##### #..
#####.##....#.##..>.......####..
#........####.)...#######.......
##.###.##.......#### ###......
...# #.##.####.## ##...###.. ####
#....# #.# ####..### #..
#########.#### #....## #..
#......###.#### #..


You could see a gnoll.

Vanquished Creatures
  A worm (D:2)
  A giant gecko (D:2)
  5 goblins
  2 hobgoblins
  3 jackals (D:2)
  2 kobolds
  2 bats (D:2)
  A giant newt (D:1)
  5 rats
22 creatures vanquished.

Notes
Turn   | Place    | Note
--------------------------------------------------------------
     0 | D:1      | Gorice the Demonspawn Wanderer began the quest for the Orb.
     0 | D:1      | Gorice set off with: a potion of heal wounds {!q}, a potion of berserk rage, a +0 ring mail, a potion of lignification {!q}, a +0 dagger, a bread ration {!e}
     0 | D:1      | Reached XP level 1. HP: 21/21 MP: 2/2
     0 | D:1      | Noticed a jelly
     1 | D:1      | Found a runed door.
   149 | D:1      | Reached skill level 2 in Armour
   508 | D:2      | Gained mutation: You have sharp toenails. [demonic ancestry]
   508 | D:2      | Reached XP level 2. HP: 27/27 MP: 3/3
   739 | D:2      | HP: 7/27 [gnoll/flail (3)]
   757 | D:2      | HP: 1/27 [gnoll/flail (8)]
   762 | D:1      | Slain by a gnoll

Action                   || total
-------------------------++-------
Melee: Spear             ||    66
       Dagger            ||    13
  Use: Potion            ||     1

Table legend:
 A = Turns spent in this place as a percentage of turns spent in the entire game.
 B = Non-inter-level travel turns spent in this place as a percentage of non-inter-level travel turns spent in the entire game.
 C = Inter-level travel turns spent in this place as a percentage of turns spent in this place.
 D = Turns resting spent in this place as a percentage of non-inter-level travel turns spent in this place.
 E = Turns spent auto-exploring this place as a percentage of non-inter-level travel turns spent in this place.
 F = Non-inter-level travel turns spent in this place divided by the number of levels of this place that you've seen.
                   A       B       C       D       E      F
               +-------+-------+-------+-------+-------+----------------------
         Total | 100.0 | 100.0 |   0.5 |   0.0 |   5.6 | 188.0
       Dungeon | 100.0 | 100.0 |   0.5 |   0.0 |   5.6 | 188.0
               +-------+-------+-------+-------+-------+----------------------

Vault maps used:
D:1:      dpeg_arrival_caged_fury
D:2:      nicolae_gozag_seed_capital, minmay_misc_feat_secret_circle
